 Dungeon Crawl Stone Soup version 0.26-a0-1222-g14533b3512 (webtiles) character file.

Game seed: 1666490673519746239

32 sanka the Sneak (level 3, -10/16 HPs)
             Began as a Spriggan Enchanter on Dec 31, 2020.
             Mangled by an ogre
             ... wielding a +0 giant spiked club
              (26 damage)
             ... on level 2 of the Dungeon.
             The game lasted 00:01:59 (1561 turns).

sanka the Sneak (Spriggan Enchanter)                Turns: 1561, Time: 00:01:59

Health: -10/16     AC:  2    Str:  4    XL:     3   Next: 10%
Magic:  8/8        EV: 18    Int: 16    God:
Gold:   57         SH:  0    Dex: 17    Spells: 4/7 levels left

rFire    . . .     SeeInvis +   a - +2 dagger (venom)
rCold    . . .     Faith    +   (shield restricted)
rNeg     . . .     Spirit   .   b - +0 robe
rPois    .         Reflect  .   (helmet restricted)
rElec    .         Harm     .   (no cloak)
rCorr    .         Rampage  .   (gloves unavailable)
Will     .....                  (boots unavailable)
Stlth    +++.......             c - amulet of faith
HPRegen  0.05/turn              (no ring)
MPRegen  0.11/turn              (no ring)

@: very quick
A: very small, unfitting armour, see invisible, speed 3
a: no special abilities


You were on level 2 of the Dungeon.
You visited 1 branch of the dungeon, and saw 2 of its levels.

You collected 57 gold pieces.


Innate Abilities, Weirdness & Mutations

You are very small and have problems with some larger weapons.
You are too small for most types of armour.
You have supernaturally acute eyesight. (SInv)
You cover ground extremely quickly.


   Skills:
 - Level 1.1 Short Blades
 - Level 3.0 Dodging
 + Level 6.6 Stealth
 - Level 2.6 Spellcasting
 - Level 3.6 Hexes


You had 4 spell levels left.
You knew the following spells:

 Your Spells              Type           Power        Failure   Level
z - Ensorcelled Hibernat  Hex/Ice        14%          14%         2
Z - Corona                Hex            14%          4%          1

Your spell library contained the following spells:

 Spells                   Type           Power        Failure   Level
 Confusing Touch          Hex            13%          13%         3
 Tukima's Dance           Hex            13%          13%         3
 Dazzling Flash           Conj/Hex       14%          28%         3

Inventory:

Hand Weapons
 a - a +2 dagger of venom (weapon)
Armour
 b - a +0 robe (worn)
Jewellery
 c - an amulet of faith (around neck)
Scrolls
 d - 2 scrolls of teleportation {unknown}
 g - 3 scrolls of identify {unknown}
 h - a scroll of enchant weapon {unknown}
 i - 2 scrolls of amnesia {unknown}
Potions
 e - a potion of attraction {unknown}
 f - a potion of flight {unknown}
 j - a potion of curing {unknown}

Dungeon Overview and Level Annotations

Branches:
Dungeon (2/15)

Altars:
Nemelex Xobeh

▒▒▒▒.▒▒ _.....▒ ▒.▒
.▒▒▒▒.▒ ▒.▒ ▒▒ ▒.▒ ▒.▒ ▒
▒.▒ ▒.▒ ▒ ▒.▒▒▒ ▒.▒
▒▒▒▒▒...▒▒▒▒▒▒▒▒.▒
..).).........▒O.▒
▒............▒▒.i▒
▒........≈≈..▒▒..▒▒▒▒▒▒▒
▒..÷....≈..≈.▒▒........▒
≈...≈≈..≈..≈≈≈▒▒.▒▒..▒.▒
≈..≈..≈..≈..≈≈≈▒.▒...▒.▒
≈..≈..≈⌠.≈...≈≈▒.▒...▒.▒
≈...≈.⌠≈.÷≈..≈≈▒.▒..<▒.▒
≈≈..≈..≈..≈..≈≈▒.▒...▒.▒
≈≈≈..≈..≈≈...≈▒▒.....▒.▒


You could see an ogre.


Message History

Aim: a worm (chance to affect: 48%)
The worm looks drowsy...
The helpless worm fails to defend itself.
You impale the worm!!
You kill the worm!
You start resting.
Magic restored.
You see here a whip.
Things that are here:
a +0 club; a hobgoblin skeleton
j - a green potion
Found a scroll labelled OTSIER WUUBBI.
Found a stone staircase leading down.
Found a scroll labelled GIPHIY GEUKYG.
g - 3 scrolls labelled OTSIER WUUBBI (gained 1)
Found 10 gold pieces.
Found 11 gold pieces.
i - 2 scrolls labelled GIPHIY GEUKYG (gained 1)
Found a stone staircase leading up.
You now have 47 gold pieces (gained 11).
You now have 57 gold pieces (gained 10).
Found a glowing leather armour.
You see here a glowing leather armour.
An ogre comes into view. It is wielding a +0 giant spiked club.
The helpless ogre fails to defend itself.
You impale the ogre!!
The ogre is almost dead.
The ogre hits you with a +0 giant spiked club!!
Ouch! That really hurt!
You die...

Action                   || total
-------------------------++-------
Melee: Dagger            ||    52
 Cast: Corona            ||     3
       Ensorcelled Hiber ||    10
 Stab: Sleeping          ||    12
Armor: Robe              ||     3
Dodge: Dodged            ||    38

Levels and vault maps discovered:
D:1:      lemuel_arrival_funnel, layout_basic
D:2:      cheibrodos_helix_gallery, layout_basic, overflow_temple_1_default

Notes
Turn   | Place    | Note
-------+----------+-------------------------------------------
     0 | D:1      | sanka the Spriggan Enchanter began the quest for the Orb.
     0 | D:1      | Reached XP level 1. HP: 9/9 MP: 5/5
    69 | D:1      | Reached skill level 5 in Stealth
   121 | D:1      | Reached XP level 2. HP: 13/13 MP: 6/6
   134 | D:1      | Learned a level 2 spell: Ensorcelled Hibernation
   662 | D:1      | Reached skill level 6 in Stealth
  1146 | D:2      | Found a sparkling altar of Nemelex Xobeh.
  1453 | D:2      | Reached XP level 3. HP: 16/16 MP: 8/8
  1558 | D:2      | Noticed an ogre
  1561 | D:2      | Mangled by an ogre

Vanquished Creatures
  An ooze (D:1)
  A worm (D:2)
  A leopard gecko (D:1)
  2 bats (D:1)
  A giant cockroach (D:2)
  5 goblins
  2 hobgoblins
  A quokka (D:2)
  2 ball pythons (D:2)
  3 frilled lizards (D:1)
  5 rats
24 creatures vanquished.
